 Dungeon Sprint DCSS version 0.31-a0-1-g4198be8af4 (webtiles) character file.

Game seed: 5006759362867959693

30907 123456 the Slayer (level 13, -2/150 HPs)
             Began as a Minotaur Fighter on May 1, 2023.
             Was an Initiate of Gozag.
             Succumbed to poison (poison gas)
             ... in the Dungeon (Sprint IX: "|||||||||||||||||||||||||||||").
             The game lasted 00:06:31 (2737 turns).

123456 the Slayer (Minotaur Fighter)                Turns: 2737, Time: 00:06:32

Health: -2/150     AC: 37    Str: 22    XL:     13   Next: 23%
Magic:  12/12      EV: 14    Int:  8    God:    Gozag
Gold:   8742       SH:  0    Dex: 11    Spells: 12/12 levels left

rFire   . . .        n - +4 dire flail (heavy)
rCold   . . .        (shield currently unavailable)
rNeg    . . .        E - +8 plate armour "Wurphawk" {rCorr Int+3 Dex-3 SInv}
rPois   .            (helmet unavailable)
rElec   .            x - +0 cloak
rCorr   +            a - +2 pair of gloves
SInv    +            b - +2 pair of boots
Will    .....        (no amulet) Stlth
                     o - +2 ring of evasion
HPRegen 0.45/turn    p - +2 ring of protection
MPRegen 0.13/turn

%: no teleportation
@: lethally poisoned (-2 -> -52), gold aura
A: horns 3, retaliatory headbutt, sense surroundings 1
a: Renounce Religion, Potion Petition, Call Merchant, Bribe Branch


You were in the Dungeon.
You worshipped Gozag.
Gozag was greatly pleased with you.
You visited 1 branch You collected 11086 gold pieces.
You spent 1908 gold pieces at shops.
You paid 436 gold pieces to Gozag.

Inventory:

Hand Weapons
 n - a +4 heavy dire flail (weapon)
Missiles
 c - 4 throwing nets (quivered)
 F - 3 javelins
Armour
 a - a +2 pair of gloves (worn)
 b - a +2 pair of boots (worn)
 x - a +0 cloak (worn)
 y - a +1 crystal plate armour
 E - the +8 plate armour "Wurphawk" (worn) {rCorr Int+3 Dex-3 SInv}
   (You found it in the Dungeon)

   Int:       It affects your intelligence (+3).
   Dex:       It affects your dexterity (-3).
   SInv:      It lets you see invisible.
   rCorr:     It protects you from acid and corrosion.
Jewellery
 o - a +2 ring of evasion (left hand)
 p - a +2 ring of protection (right hand)
 r - a ring of magical power
 z - a ring of ice
 B - a ring of ice
 C - a ring of see invisible
 D - a ring of poison resistance
Wands
 m - a wand of roots (10)
Scrolls
 j - 4 scrolls of blinking
 l - 2 scrolls of amnesia
 t - a scroll of magic mapping
 u - 3 scrolls of fear
 v - 2 scrolls of fog
 w - a scroll of identify
Potions
 d - 7 potions of might
 e - 7 potions of curing
 f - 12 potions of heal wounds
 g - 2 potions of haste
 h - 4 potions of magic
 i - a potion of berserk rage
 k - a potion of invisibility
 q - a potion of brilliance
 A - a potion of flight
Miscellaneous
 s - a condenser vane


   Skills:
 * Level 24.1 Fighting
 * Level 24.0 Maces & Flails
 + Level 17.9 Armour
 + Level 16.1 Dodging
 - Level 3.6 Shields


You had 12 spell levels left.
You didn't know any spells.
Your spell library was empty.

Dungeon Overview and Level Annotations

Branches:
Dungeon (1/1)

Altars:
Cheibriados
Dithmenos
Elyvilon
Fedhas
Gozag
Hepliaklqana
Kikubaaqudgha
Makhleb
Nemelex Xobeh
Okawaru
Qazlal
Ru
Sif Muna
Trog
Uskayaw
Vehumet
Wu Jian
Xom
Yredelemnul
Zin
The Shining One
Jiyva
Lugonu

Shops:
D ![*([


Innate Abilities, Weirdness & Mutations

You have a pair of large horns on your head.
You reflexively headbutt those who attack you in melee.
You passively map a small area around you.


Message History

The eleionoma hits you but does no damage.
You sock the eleionoma! Your headbutt misses the eleionoma.
The eleionoma is severely wounded.
The eleionoma hits you!
You flatten the eleionoma like a pancake!!!!
You kill the eleionoma!
Your Fighting skill increases to level 24!
Your Dodging skill increases to level 16!
You sock the swamp dragon! Your headbutt misses the swamp dragon.
The swamp dragon is lightly wounded.
The swamp dragon bites you but does no damage.
The swamp dragon claws you but does no damage.
The swamp dragon closely misses you.
You barely miss the swamp dragon.
The swamp dragon is lightly wounded.
A redback comes into view.
The swamp dragon breathes poison at you.
The blast of poison engulfs you but does no damage.
You are poisoned.
You stick the swamp dragon like a pincushion!!!!
You kill the swamp dragon!
You are engulfed in poison gas.
You are more poisoned.
You feel extremely sick.
Your Maces & Flails skill increases to level 24!
You are engulfed in poison gas.
You are more poisoned.
* * * LOW HITPOINT WARNING * * *
x2 You feel extremely sick.
Things that are here:
531 gold pieces; a +0 spear You are engulfed in poison gas.
You are more poisoned.
* * * LOW HITPOINT WARNING * * *
x2 You feel extremely sick.
You see here 135 gold pieces.
You are engulfed in poison gas.
You are more poisoned.
You die...
Your body crumbles into a pile of gold.

, , , * * * * , , * ** * * ,,, ,
, , , ** * * ** * * * * ,, , , ,
, ,, , ▓▓▓▓▓▓▓▓▓▓▓▓▓♣♣♣♣♣♣♣♣♣♣▓*
* ...'.)..s°○)○°☼°@°.....+ , ,
▓▓▓▓▓▓▓▓▓▓▓▓▓♣♣♣♣♣♣♣♣♣♣▓▓▓▓▓▓▓▓▓▓
.................................
▓▓▓▓▓▓▓▓▓▓▓▓▓▓▓▓▓▓▓▓▓▓▓▓▓▓▓▓▓▓▓▓▓
).[[[[[[.[........).'..()...([...
▓▓▓▓▓▓▓▓▓▓▓▓▓▓▓▓▓▓▓▓▓▓▓▓▓▓▓▓▓▓▓▓▓
.............................)...
▓▓▓▓▓▓▓▓▓▓▓▓▓▓▓▓▓▓▓▓▓▓▓▓▓▓▓▓▓▓▓▓▓
))...')))[[[[[[)∩.))).))∩.∩)∩.∩..


There were no monsters in sight!

Vanquished Creatures
  2 stone giants (D)
  An eleionoma (D)
  A very ugly thing (D)
  A bunyip (D)
  A spark wasp (D)
  A merfolk impaler (D)
  A fire dragon (D)
  A merfolk javelineer (D)
  Harold (D)
  A ghost crab (D)
  A hydra (D)
  4 boulder beetles (D)
  A naga warrior (D)
  An alligator (D)
  A death yak (D)
  A vampire mage (D)
  A shock serpent (D)
  A skyshark (D)
  A salamander mystic (D)
  A swamp dragon (D)
  A bog body (D)
  5 lindwurms (D)
  A necromancer (D)
  4 orc knights (D)
  2 ugly things (D)
  A deep elf pyromancer (D)
  4 manticores (D)
  A merfolk siren (D)
  3 black mambas (D)
  An elephant (D)
  A naga mage (D)
  A gargoyle (D)
  3 cane toads (D)
  A yaktaur (shapeshifter) (D)
  2 komodo dragons (D)
  A merfolk (D)
  A tyrant leech (D)
  A snapping turtle (D)
  3 slime creatures (D)
  A water elemental (D)
  A shadow (D)
  A spriggan (D)
  A wraith (D)
  A yak (D)
  2 wyverns (D)
  A steam dragon (D)
  2 basilisks (D)
  2 nagas (D)
  4 water moccasins (D)
  20 orc warriors (D)
  A bullfrog (D)
  A killer bee (D)
  A howler monkey (D)
  2 orc priests (D)
  A gnoll bouda (D)
  An iguana (D)
  2 orc wizards (D)
  A hell rat (D)
  2 worms (D)
  A dart slug (D)
  12 orcs (D)
  An endoplasm (D)
  2 giant cockroaches (D)
  A kobold (D)
  A frilled lizard (D)
127 creatures vanquished.

Vanquished Creatures (others)
  A spriggan druid (D)
  A tyrant leech (D)
  A hornet (D)
3 creatures vanquished.

Grand Total: 130 creatures vanquished

Notes
Turn   | Place    | Note
-------+----------+-------------------------------------------
     0 | D        | 123456 the Minotaur Fighter began the quest for the Orb.
     0 | D        | Reached XP level 1. HP: 19/19 MP: 0/0
     8 | D        | Reached skill level 1 in Dodging
    25 | D        | Noticed an iguana
    25 | D        | Noticed a gnoll bouda
    30 | D        | Reached XP level 2. HP: 16/28 MP: 1/1
    45 | D        | Reached skill level 5 in Fighting
    45 | D        | Reached skill level 5 in Maces & Flails
    45 | D        | Reached XP level 3. HP: 17/37 MP: 2/2
    48 | D        | Reached skill level 5 in Armour
    48 | D        | Reached XP level 4. HP: 13/45 MP: 3/3
   271 | D        | Found a snail-covered altar of Cheibriados.
   271 | D        | Found a shadowy altar of Dithmenos.
   271 | D        | Found a white marble altar of Elyvilon.
   271 | D        | Found a blossoming altar of Fedhas.
   271 | D        | Found an opulent altar of Gozag.
   272 | D        | Found a hazy altar of Hepliaklqana.
   273 | D        | Found a viscous altar of Jiyva.
   274 | D        | Found an ancient bone altar of Kikubaaqudgha.
   275 | D        | Found a corrupted altar of Lugonu.
   276 | D        | Found a burning altar of Makhleb.
   277 | D        | Found a sparkling altar of Nemelex Xobeh.
   282 | D        | Found an iron altar of Okawaru.
   283 | D        | Found a stormy altar of Qazlal.
   289 | D        | Became a worshipper of Gozag Ym Sagoz the Greedy
   293 | D        | Found a sacrificial altar of Ru.
   294 | D        | Found a shimmering blue altar of Sif Muna.
   295 | D        | Found a bloodstained altar of Trog.
   296 | D        | Found a hide-covered altar of Uskayaw.
   297 | D        | Found a radiant altar of Vehumet.
   298 | D        | Found an ornate altar of the Wu Jian Council.
   299 | D        | Found a shimmering altar of Xom.
   300 | D        | Found a basalt altar of Yredelemnul.
   301 | D        | Found a glowing silver altar of Zin.
   302 | D        | Found a glowing golden altar of the Shining One.
   361 | D        | Noticed a steam dragon
   361 | D        | Noticed a wraith
   361 | D        | Noticed a shadow
   361 | D        | Noticed a gargoyle
   365 | D        | Killed a steam dragon
   366 | D        | Reached XP level 5. HP: 38/56 MP: 4/4
   369 | D        | Killed a wraith
   370 | D        | Reached skill level 10 in Fighting
   370 | D        | Reached skill level 5 in Dodging
   370 | D        | Reached XP level 6. HP: 46/66 MP: 5/5
   372 | D        | Reached skill level 10 in Maces & Flails
   375 | D        | Killed a shadow
   376 | D        | Reached XP level 7. HP: 32/74 MP: 6/6
   379 | D        | Killed a gargoyle
   524 | D        | Noticed a purple ugly thing
   524 | D        | Noticed a basilisk
   524 | D        | Noticed a slime creature
   524 | D        | Noticed a white ugly thing
   524 | D        | Noticed a manticore
   524 | D        | Noticed a six-headed hydra
   526 | D        | Killed a basilisk
   532 | D        | Killed a purple ugly thing
   533 | D        | Reached skill level 10 in Armour
   533 | D        | Reached XP level 8. HP: 70/86 MP: 7/7
   535 | D        | Killed a slime creature
   545 | D        | Killed a white ugly thing
   549 | D        | Killed a manticore
   550 | D        | Reached XP level 9. HP: 65/96 MP: 8/8
   553 | D        | Killed a six-headed hydra
   554 | D        | Reached skill level 15 in Fighting
   554 | D        | Reached skill level 15 in Maces & Flails
   904 | D        | Noticed a komodo dragon
   904 | D        | Noticed an elephant
   904 | D        | Noticed a cane toad
   908 | D        | Killed a komodo dragon
   909 | D        | Reached skill level 10 in Dodging
   912 | D        | Killed an elephant
   918 | D        | Noticed a komodo dragon
   922 | D        | Killed a cane toad
   923 | D        | Reached XP level 10. HP: 98/108 MP: 9/9
   957 | D        | Noticed a cane toad
   957 | D        | Noticed a boulder beetle
   960 | D        | Noticed a cane toad
   962 | D        | Killed a cane toad
   965 | D        | Noticed a skyshark
   972 | D        | Killed a cane toad
   977 | D        | Killed a skyshark
   980 | D        | Killed a boulder beetle
  1031 | D        | Noticed a death yak
  1038 | D        | Killed a death yak
  1045 | D        | Noticed a lindwurm
  1045 | D        | Noticed a lindwurm
  1045 | D        | Noticed a lindwurm
  1045 | D        | Noticed a lindwurm
  1049 | D        | Killed a lindwurm
  1050 | D        | Noticed a lindwurm
  1052 | D        | Killed a lindwurm
  1053 | D        | Reached XP level 11. HP: 111/121 MP: 10/10
  1058 | D        | Killed a lindwurm
  1063 | D        | Killed a lindwurm
  1088 | D        | Killed a lindwurm
  1366 | D        | Noticed an orc knight
  1371 | D        | Killed an orc knight
  1383 | D        | Noticed an orc knight
  1401 | D        | Killed an orc knight
  1628 | D        | Bought 2 potions of mutation for 240 gold pieces
  1628 | D        | Bought a potion of flight for 45 gold pieces
  1628 | D        | Bought a potion of heal wounds for 75 gold pieces
  1628 | D        | Bought a potion of might for 60 gold pieces
  1628 | D        | Bought 2 potions of heal wounds for 150 gold pieces
  1628 | D        | Bought 2 potions of might for 120 gold pieces
  1628 | D        | Gained mutation: Your mind is acute. (Int +4, Str/Dex -1)
                  | [potion of mutation]
  1629 | D        | Lost mutation: Your mind is acute. (Int +4, Str/Dex -1)
                  | [potion of mutation]
  1629 | D        | Gained mutation: You passively map a small area around you.
                  | [potion of mutation]
  1629 | D        | Gained mutation: You have a pair of large horns on your
                  | head. [potion of mutation]
  1631 | D        | Found Zarixix's Armour Emporium.
  1631 | D        | Noticed an orc knight
  1631 | D        | Noticed an orc knight
  1635 | D        | Found Malobet's Assorted Antiques.
  1640 | D        | Killed an orc knight
  1642 | D        | Killed an orc knight
  1644 | D        | Found Ulyokile's Weapon Emporium.
  1652 | D        | Reached skill level 15 in Armour
  1653 | D        | Found Zexevyno's Armour Shoppe.
  1754 | D        | Bought a +1 crystal plate armour for 1218 gold pieces
  1791 | D        | Noticed Harold
  1801 | D        | Killed Harold
  1906 | D        | Got the +8 plate armour "Wurphawk" {rCorr Int+3 Dex-3 SInv}
  1938 | D        | Noticed a boulder beetle
  1938 | D        | Noticed a boulder beetle
  1938 | D        | Noticed a deep elf pyromancer
  1940 | D        | Killed a boulder beetle
  1942 | D        | Killed a boulder beetle
  1944 | D        | Killed a deep elf pyromancer
  1945 | D        | Reached XP level 12. HP: 131/136 MP: 11/11
  1948 | D        | Noticed a boulder beetle
  1955 | D        | Noticed a spark wasp
  1961 | D        | Noticed a stone giant
  1970 | D        | Noticed a purple very ugly thing
  1975 | D        | Killed a boulder beetle
  1977 | D        | Killed a spark wasp
  1978 | D        | Noticed a fire dragon
  1981 | D        | Killed a stone giant
  1987 | D        | Killed a purple very ugly thing
  1990 | D        | Noticed a stone giant
  1992 | D        | Noticed a vampire mage
  2001 | D        | Killed a fire dragon
  2005 | D        | Killed a stone giant
  2010 | D        | Killed a vampire mage
  2325 | D        | Noticed a naga warrior
  2334 | D        | Reached skill level 15 in Dodging
  2340 | D        | Killed a naga warrior
  2508 | D        | Noticed a merfolk javelineer
  2509 | D        | Noticed a merfolk impaler
  2527 | D        | Killed a merfolk javelineer
  2532 | D        | Reached XP level 13. HP: 107/148 MP: 12/12
  2536 | D        | Killed a merfolk impaler
  2693 | D        | Noticed a bunyip
  2704 | D        | Noticed an eleionoma
  2708 | D        | Killed a bunyip
  2731 | D        | Killed an eleionoma
  2737 | D        | Succumbed to poison (poison gas)

Illustrated notes

Levels and vault maps discovered:
D:        linesprint [early_d, line_temple, items_1, d_10, items_2, lair_1,
          lair_end, items_3, orc_1, orc_end, items_4, d_15, swamp_1, shoals_1,
          snake_1, spider_1, d_20, vaults_1, items_5, swamp_end, shoals_end,
          snake_end, spider_end, vaults_end, d_27, items_6, zot_1, zot_end,
          crypt_end, forest_end, elf_end, slime_end, tomb_end, abyss_end,
          pan_hell_end]

Skill      XL: |  1  2  3  4  5  6  7  8  9 10 11 12 13 |
---------------+----------------------------------------+-----
Fighting       | 4 5 6 8 10 11 13 14 16 18 21 23 24 | 24.1
Maces & Flails | 3 5 8 9 10 13 14 16 18 20 23 24 | 24.0
Dodging        | 1 2 3 4 5 6 8 9 10 12 13 15 16 | 16.1
Armour         | 4 5 6 7 8 10 12 13 15 17 | 17.9
Shields        | |  3.6

Action                     |  1- 3 |  4- 6 |  7- 9 | 10-12 | 13-15 || total
---------------------------+-------+-------+-------+-------+-------++-------
  Melee: Flail             |    32 |       |       |       |       ||    32
         Headbutt          |     3 |     3 |    15 |    55 |     8 ||    84
         Dire flail        |       |    14 |    49 |   227 |    39 ||   329
 Invoke: Call Merchant     |       |       |       |     1 |       ||     1
  Evoke: Condenser vane    |       |       |       |     2 |     1 ||     3
    Use: Scroll            |       |       |     4 |     2 |       ||     6
         Potion            |       |       |       |     4 |       ||     4
   Stab: Distracted        |       |     1 |     1 |     4 |       ||     6
         Confused          |       |       |       |     3 |       ||     3
 Armour: Scale mail        |     7 |       |       |       |       ||     7
         Plate armour      |       |     9 |    22 |   100 |    24 ||   155
         Crystal plate arm |       |       |       |     3 |       ||     3
  Dodge: Dodged            |     8 |     8 |    30 |   100 |    11 ||   157
  Block: Buckler           |     6 |       |       |       |       ||     6

Table legend: (Time is in decaauts)
 A = Elapsed time spent in this place.
 B = Non-inter-level travel time spent in this place.
 C = Inter-level travel time spent in this place.
 D = Time resting spent in this place.
 E = Time spent auto-exploring this place.
 F = Levels seen in this place.
 G = Mean time per level.
                   A        B        C        D        E       F      G
               +--------+--------+--------+--------+--------+-----+--------+
         Total |   2720 |   2714 |      6 |   1352 |    478 |   1 | 2720.0 |
       Dungeon |   2720 |   2714 |      6 |   1352 |    478 |   1 | 2720.0 |
               +--------+--------+--------+--------+--------+-----+--------+

Top non-repeatable levels by time:
       D: 2720 daAuts
